 Dungeon Crawl Stone Soup version 0.26.1-2-gb8aa6d0cf2 (webtiles) character file.

Game seed: 7137234151582828693

190 Marvel the Chiller (level 5, 0/28 HPs)
             Began as a Deep Elf Ice Elementalist on Feb 13, 2021.
             Was a Follower of Sif Muna.
             Killed from afar by an orc (18 damage)
             ... with a bolt of acid
             ... on level 3 of the Dungeon.
             The game lasted 00:05:48 (3152 turns).

Marvel the Chiller (Deep Elf Ice Elementalist)      Turns: 3152, Time: 00:05:48

Health: 0/28       AC:  2    Str:  5    XL:     5   Next: 41%
Magic:  9/14       EV: 13    Int: 21    God:    Sif Muna [*.....]
Gold:   84         SH:  0    Dex: 15    Spells: 6/13 levels left

rFire    . . .     SeeInvis .   d - +0 dagger
rCold    . . .     Faith    .   (no shield)
rNeg     . . .     Spirit   .   a - +0 robe
rPois    .         Reflect  .   (no helmet)
rElec    .         Harm     .   (no cloak)
rCorr    .         Rampage  .   (no gloves)
Will     .....                  (no boots)
Stlth    ++........             (no amulet)
HPRegen  0.09/turn              (no ring)
MPRegen  0.14/turn              (no ring)

@: no status effects
A: no striking features
a: Renounce Religion, Channel Magic


You were on level 3 of the Dungeon.
You worshipped Sif Muna.
Sif Muna was aware of your devotion.
You visited 1 branch of the dungeon, and saw 3 of its levels.

You collected 84 gold pieces.

Inventory:

Hand Weapons
 d - a +0 dagger (weapon)
Armour
 a - a +0 robe (worn)
Scrolls
 g - 2 scrolls of identify {unknown}
 i - a scroll of noise {unknown}
 l - 3 scrolls of teleportation {unknown}
 o - a scroll of remove curse {unknown}
Potions
 b - a potion of lignification {unknown}
 c - 2 potions of degeneration {unknown}
 e - 2 potions of curing {unknown}
 f - a potion of haste {unknown}
 h - 3 potions of heal wounds {unknown}
 j - a potion of attraction {unknown}
 k - a potion of cancellation {unknown}
 m - a potion of brilliance {unknown}
 n - a potion of might {unknown}
 p - a potion of flight {unknown}


   Skills:
 + Level 0.3 Fighting
 + Level 0.6 Short Blades
 + Level 2.9 Dodging
 + Level 2.8 Stealth
 + Level 4.9 Spellcasting
 + Level 6.1 Ice Magic


You had 6 spell levels left.
You knew the following spells:

 Your Spells              Type           Power        Failure   Level
a - Freeze                Ice            100%         1%          1
b - Frozen Ramparts       Ice            60%          2%          3
c - Ozocubu's Armour      Ice            30%          2%          3

Your spell library contained the following spells:

 Spells                   Type           Power        Failure   Level
 Hailstorm                Conj/Ice       18%          30%         4
 Summon Ice Beast         Ice/Summ       18%          30%         4


Dungeon Overview and Level Annotations

Branches:
Dungeon (3/15)

Altars:
Ashenzari
Elyvilon
Hepliaklqana
Kikubaaqudgha
Sif Muna


Message History

You freeze the orc priest.
The orc priest is almost dead.
The wall freezes the orc priest!
You kill the orc priest!
Sif Muna accepts your kill.
Your Ice Magic skill increases to level 6!
The frozen ramparts melt away as you move.
The orc zaps a wand.
The bolt of acid hits the orc!
The orc is splashed with acid.
The acid corrodes the orc!
The orc dies!
The bolt of acid misses you.
Items here: ) [ ††.
The orc zaps a wand.
The bolt of acid misses you.
Items here: ) [ ††.
The orc hits you but does no damage.
Things that are here:
a +4 morningstar; a glowing purple potion; a scroll labelled KAZUKI JADEUN The orc zaps a wand.
The bolt of acid hits you!!
Ouch! That really hurt!
You die...

#### #+# #.# #.#
#.## #.# #.## #
#######.#######.##
##.
.....#...........#
....
####.....†######.#
..... #.)).....##
#..
......##@##.##.##
###
.......o.##.##.#
....).#####.##.#
..... #.##.# ....
..##.# ### ####.#
#.# #.#


You could see an orc.

Vanquished Creatures
  A vampire bat (D:2)
  An orc priest (D:3)
  2 adders
  An ooze (D:2)
  3 worms (D:2)
  4 dart slugs
  4 leopard geckos
  An orc (D:3)
  3 bat skeletons (D:2)
  A bat zombie (D:2)
  3 giant cockroaches
  6 goblins
  9 hobgoblins
  4 jackals
  4 quokkas (D:2)
  A ball python (D:1)
  4 bats
  7 frilled lizards
  5 kobolds
  A quokka zombie (D:2)
  9 rats
74 creatures vanquished.

Vanquished Creatures (others)
  An orc (D:3)
1 creature vanquished.

Grand Total: 75 creatures vanquished

Notes
Turn   | Place    | Note
-------+----------+-------------------------------------------
     0 | D:1      | Marvel the Deep Elf Ice Elementalist began the quest for
                  | the Orb.
     0 | D:1      | Reached XP level 1. HP: 10/10 MP: 6/6
   237 | D:1      | Reached XP level 2. HP: 13/15 MP: 1/8
   591 | D:1      | Reached skill level 5 in Ice Magic
  1104 | D:1      | Reached XP level 3. HP: 19/19 MP: 5/10
  1211 | D:1      | Learned a level 3 spell: Frozen Ramparts
  1386 | D:2      | Found a shimmering blue altar of Sif Muna.
  1388 | D:2      | Found a broken altar of Ashenzari.
  1392 | D:2      | Found a hazy altar of Hepliaklqana.
  1400 | D:2      | Became a worshipper of Sif Muna the Loreminder
  1511 | D:2      | Learned a level 3 spell: Ozocubu's Armour
  1606 | D:2      | Found an ancient bone altar of Kikubaaqudgha.
  1629 | D:2      | Reached XP level 4. HP: 17/24 MP: 8/12
  2213 | D:2      | Reached * piety under Sif Muna
  2416 | D:2      | You fall into a shaft and drop 1 floor!
  2559 | D:2      | Reached XP level 5. HP: 28/28 MP: 12/14
  3075 | D:3      | Found a white marble altar of Elyvilon.
  3148 | D:3      | Reached skill level 6 in Ice Magic
  3152 | D:3      | Killed from afar by an orc

Illustrated notes

Levels and vault maps discovered:
D:1:      minmay_arrival_up_and_down, layout_basic, minmay_crystal_room
D:2:      layout_loops_ring, kennysheep_vampire_church,
          grunt_temple_overflow_open
D:3:      layout_loops_corners, elyvilon_altar_1

Skill      XL: |  1  2  3  4  5 |
---------------+----------------+-----
Ice Magic      | 5 6 |  6.1
Spellcasting   | 4 |  4.9
Fighting       | |  0.3
Short Blades   | |  0.6
Dodging        | |  2.9
Stealth        | |  2.8

Action                   |  1- 3 |  4- 6 || total
-------------------------+-------+-------++-------
Melee: Unarmed           |     2 |       ||     2
       Dagger            |    45 |     3 ||    48
 Cast: Freeze            |    55 |    52 ||   107
       Frozen Ramparts   |     1 |     1 ||     2
 Stab: Sleeping          |     2 |       ||     2
Armor: Robe              |    28 |     6 ||    34
Dodge: Dodged            |    96 |    20 ||   116
